 Dungeon Crawl Stone Soup version 0.29.0-5-ge4962eb29e (webtiles) character file.

Game seed: 5287817938096150012

69298 Flugkiller the Severer (level 14, -6/133 HPs)
             Began as a Minotaur Fighter on Aug 28, 2022.
             Was an Initiate of Gozag.
             Mangled by a white ugly thing (38 damage)
             ... on level 15 of the Dungeon.
             The game lasted 00:09:26 (21791 turns).

Flugkiller the Severer (Minotaur Fighter)          Turns: 21791, Time: 00:09:26

Health: -6/133     AC: 34    Str: 18    XL:     14   Next: 89%
Magic:  13/13      EV: 13    Int:  5    God:    Gozag
Gold:   3648       SH:  5    Dex: 18    Spells: 13/13 levels left

rFire   . . .      SeeInvis +   H - +3 battleaxe (freeze)
rCold   . . .      Faith    .   (shield currently unavailable)
rNeg    . . .      Spirit   .   g - +8 chain mail "Jearphain" {Harm Str-5 Dex+5}
rPois   .          Reflect  +   I - +2 hat
rElec   .          Harm     +   y - +0 cloak
rCorr   .          Rampage  .   f - +1 pair of gloves
Will    +....                   L - +1 pair of boots
Stlth   ..........              j - amulet of reflection
HPRegen 0.32/turn               p - +4 ring of protection
MPRegen 0.13/turn               i - ring of see invisible

@: hasted, very quick
A: horns 2, retaliatory headbutt
a: Renounce Religion, Potion Petition, Call Merchant, Bribe Branch


You were on level 15 of the Dungeon.
You worshipped Gozag.
Gozag was most pleased with you.
You visited 2 branches of the dungeon, and saw 20 of its levels.
You also visited: Sewer and Bailey.

You collected 6778 gold pieces.
You paid 3130 gold pieces to Gozag.

Inventory:

Hand Weapons
 a - a +1 war axe
 H - a +3 battleaxe of freezing (weapon)
   (You took it off a wight on level 8 of the Dungeon)
 M - a +3 war axe
   (You took it off an orc warrior in a bailey)
Armour
 b - a +2 chain mail of poison resistance
   (You found it in a bailey)
 f - a +1 pair of gloves (worn)
   (You found it on level 7 of the Dungeon)
 g - the +8 chain mail "Jearphain" (worn) {Harm Str-5 Dex+5}
   (You acquired it on level 6 of the Dungeon)

   Str:       It affects your strength (-5).
   Dex:       It affects your dexterity (+5).
   Harm:      It increases damage dealt and taken.
 v - a +0 plate armour
   (You found it on level 5 of the Dungeon)
 y - a +0 cloak (worn)
   (You found it on level 1 of the Dungeon)
 B - a +0 tower shield
   (You found it on level 5 of the Dungeon)
 I - a +2 hat (worn)
   (You found it on level 12 of the Dungeon)
 L - a +1 pair of boots (worn)
   (You found it on level 6 of the Dungeon)
 T - a +0 buckler
Jewellery
 c - a ring of protection from cold
   (You found it on level 13 of the Dungeon)
 i - a ring of see invisible (right hand)
   (You found it on level 11 of the Dungeon)
 j - an amulet of reflection (around neck)
   (You found it on level 6 of the Dungeon)
 k - a ring of resist corrosion
   (You found it on level 4 of the Dungeon)
 o - a ring of poison resistance
   (You found it on level 1 of the Lair of Beasts)
 p - a +4 ring of protection (left hand)
   (You found it on level 5 of the Dungeon)
 D - a ring of magical power
   (You found it on level 12 of the Dungeon)
 E - a +6 ring of strength
   (You found it on level 8 of the Dungeon)
Wands
 A - a wand of paralysis (6)
   (You found it on level 5 of the Dungeon)
 J - a wand of quicksilver (11)
   (You found it on level 6 of the Dungeon)
 O - a wand of mindburst (23)
   (You found it on level 7 of the Dungeon)
 P - a wand of iceblast (13)
   (You found it on level 11 of the Dungeon)
Scrolls
 l - 2 scrolls of magic mapping
 r - a scroll of identify
 s - 6 scrolls of vulnerability
 t - 3 scrolls of teleportation
 u - a scroll of silence
 x - a scroll of summoning
 z - 2 scrolls of blinking
 Q - 2 scrolls of immolation
 S - 3 scrolls of enchant weapon
Potions
 d - a potion of might
 e - 4 potions of mutation
 h - a potion of haste
 m - 3 potions of berserk rage
 n - 3 potions of resistance
 q - 5 potions of curing
 w - 7 potions of heal wounds
 C - 3 potions of magic
 G - a potion of flight
 K - 4 potions of lignification
 N - a potion of invisibility
 R - 2 potions of attraction
Miscellaneous
 F - a condenser vane
   (You found it on level 5 of the Lair of Beasts)


   Skills:
 + Level 14.7 Fighting
 * Level 19.9 Axes
 + Level 14.7 Armour
 + Level 11.0 Dodging
 - Level 3.6 Shields
 - Level 6.0 Evocations


You had 13 spell levels left.
You didn't know any spells.
Your spell library was empty.

Dungeon Overview and Level Annotations

Branches:
Dungeon (15/15)            Temple (0/1) D:5            Lair (5/5) D:11
  Swamp (0/4) Lair:3        Snake (0/4) Lair:3        Slime (0/5) Lair:4
    Orc (0/2) D:12         Vaults (0/5) D:14          Sewer (visited)
 Bailey (visited)
 Depths: D:15

Altars:
Ashenzari
Cheibriados
Fedhas
Gozag
Hepliaklqana
Wu Jian
Xom
Yredelemnul
Zin
The Shining One
Jiyva

Shops:
D:12 [   D:13 *   Lair:3 ((=

Annotations:
D:8 2 transporters
D:11 1 runed translucent door, Arum's ghost, journeyman FoFi
D:15 Roxanne


Innate Abilities, Weirdness & Mutations

You have a pair of horns on your head.
You reflexively headbutt those who attack you in melee.


Message History

There is an open door here.
Partly explored, can't reach some items and places.
No target in view!
No target in view!
Partly explored, can't reach some items and places.
Partly explored, can't reach some items and places.
(D) Dungeon (T) Temple (L) Lair (S) Swamp (P) Snake Pit (M) Slime Pits (O) Orcish Mines (V) Vaults
Where to? (Enter - D:14, ? - help)
There is a stone staircase leading down here.
You climb downwards.
The basilisk hisses angrily.
The centaur warrior shouts!
The centaur shouts! x5
Marking area around Roxanne as unsafe for travelling.
Found a war axe.
There is a stone staircase leading up here.
There are monsters nearby!
There are monsters nearby!
There are monsters nearby!
No reachable target in view!
The centaur warrior wields a +0 shortbow.
The centaur warrior shoots an arrow.
The arrow hits you!
The centaur wields a +0 shortbow.
The centaur shoots an arrow.
The arrow hits you. The basilisk gazes at you.
You are slowing down.
Roxanne sighs and says, "It wouldn't be so bad were it not for the bird droppings."
As you read the scroll of teleportation, it crumbles to dust.
You feel strangely unstable.
The centaur wields a +0 shortbow.
The centaur shoots an arrow.
The arrow hits you.
The centaur wields a +0 shortbow.
The centaur shoots an arrow.
The arrow barely misses you.
The arrow hits Roxanne!
The centaur wields a +0 shortbow.
The centaur shoots an arrow.
The arrow hits you.
The centaur wields a +0 shortbow.
The centaur shoots an arrow.
The arrow hits you but does no damage.
The centaur shoots an arrow.
The arrow hits you but does no damage.
Roxanne casts a spell.
The iron shot hits you!
Your limbs are stiffening.
Unknown command.
You slash Roxanne!
Roxanne is lightly damaged.
You slash the basilisk!
The basilisk seems to slow down.
You freeze the basilisk.
The centaur shoots an arrow.
The arrow hits you but does no damage.
The centaur shoots an arrow.
The arrow barely misses you.
The arrow hits Roxanne!
The centaur shoots an arrow.
The arrow hits you but does no damage.
The centaur shoots an arrow.
You reflect the arrow off an invisible shield around you!
The arrow hits the centaur!
You block the basilisk's attack.
The centaur shoots an arrow.
The arrow closely misses you.
The arrow hits Roxanne but does no damage.
The centaur shoots an arrow.
The arrow hits you.
The centaur shoots an arrow.
The arrow hits you but does no damage.
The centaur shoots an arrow.
The arrow hits you.
You have turned to stone.
Your surroundings suddenly seem different. 4 white ugly things come into view.
Found 4 stones and 23 gold pieces.
The white ugly thing gurgles horribly! x3
The white ugly thing stings you but does no damage.
The white ugly thing stings you but does no damage.
The white ugly thing barely misses you. The white ugly thing punches you!
The white ugly thing freezes you!!
The white ugly thing stings you but does no damage.
The white ugly thing stings you. The white ugly thing freezes you!!
The white ugly thing basks in the mutagenic energy from its kin and changes!
The white ugly thing punches you but does no damage.
The white ugly thing stings you but does no damage.
The white ugly thing punches you but does no damage.
The white ugly thing stings you. The white ugly thing freezes you!!
The white ugly thing punches you but does no damage.
The white ugly thing stings you but does no damage.
The white ugly thing punches you. The white ugly thing freezes you!
The red ugly thing tail-slaps you but does no damage.
The white ugly thing stings you but does no damage.
The white ugly thing punches you but does no damage.
The red ugly thing tail-slaps you but does no damage.
You turn to flesh and can move again.
The white ugly thing stings you but does no damage.
You see here 4 stones.
You barely miss the white ugly thing.
Your headbutt misses the white ugly thing.
The red ugly thing misses you.
The white ugly thing attacks as you move away!
The white ugly thing punches you but does no damage.
You slice the white ugly thing!! You freeze the white ugly thing!
The white ugly thing is heavily wounded.
The white ugly thing punches you. The white ugly thing freezes you!!
* * * LOW HITPOINT WARNING * * *
You barely miss the white ugly thing.
The white ugly thing is heavily wounded. [a] - 260 gold - haste [b] - 550 gold - invisibility, might and resistance [c] - 216 gold - might and brilliance Purchase which effect?
You feel yourself speed up.
The white ugly thing punches you but does no damage.
You feel much better. The white ugly thing punches you.
* * * LOW HITPOINT WARNING * * *
The white ugly thing freezes you!!
You die...
Your body crumbles into a pile of gold.

+# . .#
#########.#
#.........#
#@# #u###
#uu.# #.#.#
#...# ##.##
#.# #.# #.#


You could see 3 ugly things.

Vanquished Creatures
  A fire dragon (Lair:5)
  5 boulder beetles
  8 hydras
  A catoblepas (Lair:4)
  A centaur warrior (D:14)
  A two-headed ogre (D:12)
  2 dancing weapons (D:14)
  2 tengu warriors
  An orc knight (Bailey)
  6 ugly things
  5 deep elf pyromancers
  3 lindwurms (Lair:5)
  2 cyclopes (D:14)
  11 slime creatures
  3 manticores
  Joseph (D:7)
  2 black mambas
  2 gargoyles (D:13)
  8 torpor snails
  16 elephants
  12 cane toads
  2 unseen horrors
  Maggie (D:7)
  4 rime drakes
  A freezing wraith (D:14)
  3 tengu conjurers
  6 komodo dragons
  A troll (D:11)
  9 polar bears (Lair:5)
  6 hornets (Lair:5)
  Prince Ribbit (D:7)
  3 tyrant leeches (Lair:5)
  11 dream sheep
  A wind drake (shapeshifter) (D:13)
  7 blink frogs (Lair:3)
  3 raiju (Lair:5)
  A vampire (D:13)
  41 yaks
  A wyvern (Lair:3)
  3 wraiths
  6 basilisks
  10 vampire mosquitoes
  4 wargs (Lair:5)
  4 nagas (Lair:3)
  3 acid dragons
  5 swamp worms (Lair:3)
  12 water moccasins
  14 hell hounds (Lair:5)
  An ice beast (D:7)
  12 orc warriors
  12 black bears
  A sky beast (D:7)
  13 wolves (Lair:5)
  4 ogres
  8 centaurs
  A phantom (D:4)
  10 kobold brigands
  3 scorpions
  11 bullfrogs
  8 wights
  9 killer bees
  5 electric eels
  A howler monkey (D:13)
  3 hounds
  7 orc priests
  A gnoll bouda (D:4)
  2 jellies
  Natasha (thrice) (D:2)
  4 iguanas
  10 orc wizards
  5 hell rats (Lair:2)
  10 gnolls
  11 adders
  A river rat (Sewer)
  A shadow imp (D:7)
  A white imp (D:8)
  An ufetubus (D:4)
  A worm (D:3)
  4 dart slugs
  41 orcs
  3 bats
  14 endoplasms
  10 giant cockroaches
  4 hobgoblins
  8 jackals
  4 quokkas
  12 ball pythons
  4 frilled lizards
  7 goblins
  24 kobolds
  8 rats
  A plant (Lair:5)
560 creatures vanquished.

Vanquished Creatures (others)
  11 fungi
  70 plants
81 creatures vanquished.

Grand Total: 641 creatures vanquished

Notes
Turn   | Place    | Note
-------+----------+-------------------------------------------
     0 | D:1      | Flugkiller the Minotaur Fighter began the quest for the
                  | Orb.
     0 | D:1      | Reached XP level 1. HP: 19/19 MP: 0/0
   459 | D:1      | Reached skill level 3 in Axes
   459 | D:1      | Reached XP level 2. HP: 27/27 MP: 1/1
   754 | D:2      | Found a faded altar of an unknown god.
   790 | D:2      | Noticed Natasha
   796 | D:2      | Killed Natasha
   797 | D:2      | Reached XP level 3. HP: 14/33 MP: 2/2
  1062 | D:2      | Noticed Natasha
  1070 | D:2      | Killed Natasha
  1071 | D:2      | Reached skill level 4 in Axes
  1181 | D:2      | Reached XP level 4. HP: 24/41 MP: 3/3
  1190 | D:2      | Noticed Natasha
  1199 | D:2      | Killed Natasha
  1794 | D:2      | Reached XP level 5. HP: 47/47 MP: 4/4
  2072 | D:3      | Reached skill level 5 in Axes
  2180 | D:3      | Identified the +4 sling "Ofuhelum" {flame, +Blink rElec
                  | rF++}
  2248 | D:3      | Found Gozag's Platinum Reserve.
  2289 | D:3      | Found an opulent altar of Gozag.
  2317 | D:3      | Found a blossoming altar of Fedhas.
  2334 | D:3      | Became a worshipper of Gozag Ym Sagoz the Greedy
  2444 | D:3      | Found a glowing drain.
  2452 | Sewer    | Entered a sewer
  2708 | Sewer    | Found a viscous altar of Jiyva.
  2729 | Sewer    | Reached skill level 5 in Fighting
  2729 | Sewer    | Reached skill level 5 in Armour
  2974 | D:4      | Noticed a phantom
  2976 | D:4      | Reached XP level 6. HP: 48/56 MP: 5/5
  3040 | D:4      | Reached skill level 6 in Axes
  3429 | D:4      | Reached XP level 7. HP: 48/62 MP: 6/6
  3977 | D:4      | Reached skill level 7 in Axes
  4169 | D:5      | Entered Level 5 of the Dungeon
  4262 | D:5      | Found a staircase to the Ecumenical Temple.
  4825 | D:5      | Reached skill level 8 in Axes
  5124 | D:5      | Reached XP level 8. HP: 45/71 MP: 7/7
  5524 | D:6      | Found a basalt altar of Yredelemnul.
  5669 | D:6      | Identified the +7 trident "Osaami Numu" {freeze, rC++}
  5671 | D:6      | Reached skill level 9 in Axes
  5916 | D:6      | Found an ornate altar of the Wu Jian Council.
  6245 | D:6      | Identified a scroll of acquirement
  6245 | D:6      | Acquired the +8 chain mail "Jearphain" {Harm Str-5 Dex+5}
  6311 | D:7      | Reached skill level 10 in Axes
  6434 | D:7      | Noticed Maggie
  6453 | D:7      | Killed Maggie
  6454 | D:7      | Reached skill level 1 in Evocations
  6454 | D:7      | Reached XP level 9. HP: 63/81 MP: 8/8
  6544 | D:7      | Noticed Prince Ribbit
  6554 | D:7      | Killed Prince Ribbit
  6739 | D:7      | Noticed Joseph
  6758 | D:7      | Killed Joseph
  6759 | D:7      | Reached skill level 11 in Axes
  6996 | D:7      | Found a glowing golden altar of the Shining One.
  7740 | D:8      | Found a transporter.
  7812 | D:8      | Found a transporter.
  7966 | D:8      | Found a shimmering altar of Xom.
  8140 | D:9      | Reached XP level 10. HP: 91/91 MP: 9/9
  8146 | D:9      | Reached skill level 12 in Axes
  8146 | D:9      | Reached skill level 1 in Dodging
  8280 | D:9      | Found a hazy altar of Hepliaklqana.
  8353 | D:9      | Found a broken altar of Ashenzari.
  8807 | D:10     | Entered Level 10 of the Dungeon
  8807 | D:10     | Found a flagged portal.
  8827 | Bailey   | Entered a bailey
  8913 | Bailey   | Noticed an orc knight
  8923 | Bailey   | Killed an orc knight
  8930 | Bailey   | Reached skill level 13 in Axes
  8936 | Bailey   | Found an iron altar of Okawaru.
  9288 | D:10     | Reached skill level 10 in Fighting
  9289 | D:10     | Reached skill level 10 in Armour
  9388 | D:10     | Found a snail-covered altar of Cheibriados.
  9642 | D:10     | Reached XP level 11. HP: 75/99 MP: 10/10
 10199 | D:11     | Found a staircase to the Lair.
 10351 | D:11     | Reached skill level 5 in Evocations
 10624 | D:11     | Found a runed translucent door.
 10627 | D:11     | Noticed Arum's ghost (journeyman FoFi)
 10870 | Lair:1   | Entered Level 1 of the Lair of Beasts
 11037 | Lair:1   | Reached skill level 14 in Axes
 11161 | Lair:1   | Reached skill level 5 in Dodging
 12156 | Lair:2   | Reached XP level 12. HP: 110/110 MP: 11/11
 12260 | Lair:2   | Noticed an eight-headed hydra
 12265 | Lair:2   | Reached skill level 15 in Axes
 12269 | Lair:2   | Killed a 12-headed hydra
 12527 | Lair:2   | Noticed a boulder beetle
 12533 | Lair:2   | Killed a boulder beetle
 12692 | Lair:3   | Noticed a four-headed hydra
 12698 | Lair:3   | Killed a seven-headed hydra
 13331 | Lair:3   | Found a staircase to the Snake Pit.
 13524 | Lair:3   | Reached skill level 16 in Axes
 13787 | Lair:3   | Noticed a six-headed hydra
 13796 | Lair:3   | Noticed an eight-headed hydra
 13798 | Lair:3   | Killed a 12-headed hydra
 13940 | Lair:3   | Killed a 13-headed hydra
 14374 | Lair:3   | Noticed a boulder beetle
 14383 | Lair:3   | Killed a boulder beetle
 14980 | Lair:3   | Found a staircase to the Swamp.
 15035 | Lair:4   | Noticed a catoblepas
 15046 | Lair:4   | Killed a catoblepas
 15097 | Lair:4   | Reached XP level 13. HP: 111/119 MP: 12/12
 15255 | Lair:4   | Reached skill level 17 in Axes
 15345 | Lair:4   | Found a staircase to the Slime Pits.
 15347 | Lair:4   | Found a viscous altar of Jiyva.
 15984 | Lair:5   | Entered Level 5 of the Lair of Beasts
 16785 | Lair:5   | Reached skill level 18 in Axes
 17463 | Lair:5   | Reached XP level 14. HP: 123/130 MP: 13/13
 17829 | Lair:5   | Found a runed translucent door.
 17945 | Lair:5   | Reached skill level 10 in Dodging
 18696 | D:12     | Reached skill level 19 in Axes
 18863 | D:12     | Found Oppag's Armour Emporium.
 18863 | D:12     | Found a staircase to the Orcish Mines.
 20201 | D:13     | Found Zin's Purification Station.
 20206 | D:13     | Found a glowing silver altar of Zin.
 20387 | D:13     | Identified the +1 scale mail of Ypporoit {rPois Int+2
                  | Slay+3}
 20776 | D:14     | Found a gate to the Vaults.
 21769 | D:15     | Entered Level 15 of the Dungeon
 21769 | D:15     | Identified Roxanne's Almanac of Sculpting
 21769 | D:15     | Noticed Roxanne
 21791 | D:15     | Mangled by a white ugly thing

Illustrated notes

Levels and vault maps discovered:
D:1:      beargit_arrival_greenhouse, layout_basic, minmay_misc_feat_roman,
          minmay_tromino_i4
D:2:      layout_basic, ebering_ecumenical_altar_petrified, uniq_natasha
D:3:      layout_loops_cross, mainiacjoe_overflow_alcove_2,
          nicolae_gozag_zags_fifth_avenue, gup_sewer_entry_pipe,
          serial_park_tiny_pond, kennysheep_boxes
D:4:      layout_loops_ring, hangedman_decor_peaks_small, minmay_checkerbox
D:5:      layout_gridville, minmay_temple_entry_sparse_star,
          kennysheep_generic_room_6
D:6:      layout_rooms, mainiacjoe_overflow_catwalk,
          nicolae_wu_jian_immortal_techniques, minmay_holes,
          serial_bayou_lagoon_a, minmay_unpleasant_kobolds
D:7:      layout_basic, tso_oasis_becter, uniq_prince_ribbit1, uniq_maggie,
          uniq_joseph
D:8:      gammafunk_cloud_chamber, layout_rooms, tgw_xom, nrook_loot_triangle
D:9:      layout_basic, nicolae_hepliaklqana_hazy_memory,
          evilmike_ruin_ashenzari
D:10:     layout_roguey, kennysheep_slug_shrine, enter_bailey_6
D:11:     nicolae_cairo_tiling, layout_basic, ebering_ghost_reflecting_pool
D:12:     layout_irregular_city, orc_david_3
D:13:     layout_roguey, chequers_serial_rivers_small_b, zin_purify
D:14:     layout_irregular_city, erik_vaults_1, patterned_corridor,
          lemuel_flame_loot_1
D:15:     gammafunk_enter_depths_forms, layout_loops_corners,
          chequers_serial_rivers_micro_e, okawaru_altar_gauntlet_db,
          uniq_roxanne, uniq_jorgrun
Lair:1:   layout_regular_city
Lair:2:   layout_misc_corridors, serial_bayou_shore_b
Lair:3:   layout_small_grid, nicolae_swamp_entry_splash_gauntlet,
          minmay_snake_entry_guardpost_small, grunt_megastairs_5,
          serial_bayou_shore_a, infiniplex_staircase_pool
Lair:4:   layout_roguey, minmay_slime_entry_pillars, kennysheep_basilisk_garden
Lair:5:   wormcave, layout_layer_cave, hangedman_lair_caniforms_friends,
          serial_bayou_pond_b

Skill      XL: |  1  2  3  4  5  6  7  8  9 10 11 12 13 14 |
---------------+-------------------------------------------+-----
Axes           | 3 4 5 6 8 10 11 13 14 16 18 19 | 19.9
Fighting       | 4 5 6 8 9 10 11 12 13 14 | 14.7
Armour         | 4 5 6 7 9 10 11 12 13 14 | 14.7
Evocations     | 1 3 4 6 |  6.0
Dodging        | 3 6 7 9 11 | 11.0
Shields        | |  3.6

Action                   |  1- 3 |  4- 6 |  7- 9 | 10-12 | 13-15 || total
-------------------------+-------+-------+-------+-------+-------++-------
Melee: War axe           |    59 |   169 |   227 |       |       ||   455
       Headbutt          |     9 |    20 |    43 |    80 |    96 ||   248
       Battleaxe         |       |       |    12 |   363 |   480 ||   855
Invok: Call Merchant     |       |       |       |     3 |       ||     3
       Potion Petition   |       |       |       |       |     1 ||     1
Evoke: Wand              |       |       |     4 |       |       ||     4
  Use: Scroll            |       |       |    15 |     9 |     3 ||    27
       Potion            |       |       |       |     3 |     1 ||     4
 Stab: Distracted        |       |     1 |     2 |     3 |     7 ||    13
       Paralysed         |       |       |     6 |       |       ||     6
Armor: Scale mail        |    24 |    89 |    17 |       |       ||   130
       Plate armour      |       |       |    32 |       |       ||    32
       Chain mail        |       |       |    77 |   247 |   319 ||   643
Dodge: Dodged            |    27 |    84 |    67 |   163 |   245 ||   586
Block: Buckler           |    13 |    35 |    91 |       |       ||   139
       Other             |       |       |     2 |    77 |    88 ||   167
       Reflection        |       |       |     2 |     6 |     1 ||     9
